 Dungeon Crawl Stone Soup version 0.30.1-1-g62c8e00024 (webtiles) character file.

Game seed: 3791798106553025318

25 cheesebisquit the Magician (level 2, -6/13 HPs)
             Began as a Spriggan Earth Elementalist on July 15, 2023.
             Mangled by Robin
             ... wielding a +9 club
              (9 damage)
             ... on level 2 of the Dungeon.
             The game lasted 00:03:55 (1173 turns).

cheesebisquit the Magician (SpEE)                   Turns: 1173, Time: 00:03:55

Health: -6/13      AC:  2    Str:  4    XL:     2   Next: 86%
Magic:  6/7        EV: 17    Int: 16    God:
Gold:   22         SH:  0    Dex: 15    Spells: 7/8 levels left

rFire   . . .        (weapon restricted)
rCold   . . .        (no shield)
rNeg    . . .        a - +0 robe
rPois   .            (helmet restricted)
rElec   .            (no cloak)
rCorr   .            (gloves unavailable)
SInv    +            (boots unavailable)
Will    .....        (no amulet)
Stlth   ++           (no ring)
HPRegen 0.22/turn    (no ring)
MPRegen 0.10/turn

%: no passive effects
@: very quick
A: very small, no large weapons, unfitting armour, see invisible, speed 3
a: no special abilities


You were on level 2 of the Dungeon.
You visited 1 branch of the dungeon, and saw 2 of its levels.

You collected 22 gold pieces.

Inventory:

Missiles
 d - 6 poisoned darts
Armour
 a - a +0 robe (worn)
Potions
 c - a potion of lignification {unknown}


   Skills:
 - Level 2.6 Dodging
 - Level 3.0 Stealth
 + Level 3.6 Spellcasting
 - Level 1.3 Transmutations
 + Level 3.2 Earth Magic


You had 7 spell levels left.
You knew the following spells:

 Your Spells              Type           Power      Damage    Failure   Level
a - Sandblast             Erth           26%        2d8       4%          1

Your spell library contained the following spells:

 Spells                   Type           Power      Damage    Failure   Level
 Passwall                 Tmut/Erth      8%         N/A       11%         2
 Ensorcelled Hibernation  Hex/Ice        4%         N/A       26%         2
 Stone Arrow              Conj/Erth      16%        3d8       26%         3
 Spider Form              Tmut/Pois      5%         N/A       38%         3
 Petrify                  Tmut/Erth      10%        N/A       56%         4
 Anguish                  Hex/Necr       1%         N/A       87%         4


Dungeon Overview and Level Annotations

Branches:
Dungeon (2/15)

Altars:

Annotations:
D:2 Jessica, Robin


Innate Abilities, Weirdness & Mutations

You are very small and have problems with some larger weapons.
You are too small for most types of armour.
You have supernaturally acute eyesight. (SInv)
You cover ground extremely quickly. (Speed+++)


Message History

You kill the goblin!
Robin throws the goblin at you!
Jessica the Apprentice Sorceress comes into view.
She is wielding a +0 dagger.
The blast of sand misses the goblin.
The goblin completely misses you.
Robin roars a battlecry!
The goblins go into a battle-frenzy!
Jessica shouts, "You're disturbing me!
I'll have to kill you!" The goblin misses you. The goblin barely misses you.
The blast of sand hits the goblin!
You kill the goblin!
The goblin barely misses you.
The blast of sand misses the goblin.
The blast of sand hits the goblin!
You kill the goblin!
Jessica mumbles some strange words.
Jessica blinks!
The goblin barely misses you.
The blast of sand misses the goblin.
The goblin misses you. The goblin hits you with a +0 club.
The blast of sand hits the goblin.
You kill the goblin!
Okay, then.
The blast of sand hits Robin!
Robin is heavily wounded.
Robin points. "Kill!"
Robin barely misses you.
A hobgoblin comes into view.
Robin hits you with a +9 club.
* * * LOW HITPOINT WARNING * * *
Magic courses through your body.
Robin says, "My goblins will feast on your bones."
Robin barely misses you.
A goblin comes into view. It is wielding a +2 dagger of venom.
You are too injured to fight recklessly!
Aiming: Sandblast (safe; 4% risk of failure)
Press: ? - help, Q - select action, (/) - cycle Shift-Dir - straight line, f/p - Robin
Aim: Robin, wielding a +9 club, wearing a +0 animal skin and wearing a +0 helmet (heavily wounded, 87% to hit)
The blast of sand hits Robin!
Robin is almost dead.
Robin hits you with a +9 club!
Ouch! That really hurt!
You die...

#.# #.# . #.# ##..
##.## ...
.#####...####.#
..............###.
######...#........
##.##<...###.
#@#####.# #g# ..#
#@g........
g.!.##...###
.###.# .. .. g#
.## .. . ## #


You could see Robin, Jessica, a hobgoblin (strong) and a goblin (strong).

Vanquished Creatures
  A dart slug (D:1)
  2 ball pythons (D:1)
  2 endoplasms (D:1)
  A giant cockroach (D:1)
  6 goblins
  A hobgoblin (D:1)
  A bat (D:1)
  3 frilled lizards (D:1)
  4 kobolds (D:1)
  4 rats (D:1)
25 creatures vanquished.

Notes
Turn   | Place    | Note
-------+----------+-------------------------------------------
     0 | D:1      | cheesebisquit the Spriggan Earth Elementalist began the
                  | quest for the Orb.
     0 | D:1      | Reached XP level 1. HP: 9/9 MP: 5/5
   257 | D:1      | Reached XP level 2. HP: 13/13 MP: 0/7
  1163 | D:2      | Noticed Robin
  1164 | D:2      | Noticed Jessica
  1173 | D:2      | Mangled by Robin

Illustrated notes

Levels and vault maps discovered:
D:1:      amcnicky_arrival_underground_garden, layout_loops_corners
D:2:      layout_loops_ring, uniq_robin, uniq_jessica

Skill      XL: |  1 |
---------------+----+-----
Spellcasting   | 3 |  3.6
Earth Magic    | 3 |  3.2
Dodging        | |  2.6
Stealth        | |  3.0
Transmutations | |  1.3

Action                     || total
---------------------------++-------
   Cast: Sandblast         ||    38
    Use: Potion            ||     1
 Armour: Robe              ||     1
  Dodge: Dodged            ||    11
